 Dungeon Crawl Stone Soup version 0.27.0-1-g7a08968 (webtiles) character file.

Game seed: 10911267591511801617

4209 BALLS the Thaumaturge (level 10, -5/67 HPs)
             Began as a Mummy Conjurer on Jan 20, 2022.
             Was a Believer of Sif Muna.
             Killed from afar by Maggie (31 damage)
             ... with a bolt of fire
             ... on level 8 of the Dungeon.
             The game lasted 00:24:51 (9401 turns).

BALLS the Thaumaturge (Mummy Conjurer)              Turns: 9401, Time: 00:24:51

Health: -5/67      AC: 12    Str: 10    XL:     10   Next: 8%
Magic:  18/24      EV: 12    Int: 21    God:    Sif Muna [**....]
Gold:   524        SH:  0    Dex: 11    Spells: 17/30 levels left

rFire    x . .     SeeInvis .   s - +2 dagger (venom)
rCold    + . .     Faith    .   (no shield)
rNeg     + + +     Spirit   .   a - +0 robe
rPois    ∞         Reflect  .   r - +1 hat
rElec    .         Harm     .   (no cloak)
rCorr    .         Rampage  .   (no gloves)
Will     +....                  k - +0 pair of boots
Stlth    ++........             (no amulet)
HPRegen  0.21/turn              g - +4 ring of protection
MPRegen  0.19/turn              e - +4 ring of protection

@: no status effects
A: cold resistance 1, negative energy resistance 3, torment resistance 2, heat
vulnerability 1, no potions
a: Renounce Religion, Channel Magic


You were on level 8 of the Dungeon.
You worshipped Sif Muna.
Sif Muna was pleased with you.
You visited 2 branches of the dungeon, and saw 9 of its levels.

You collected 524 gold pieces.

Inventory:

Hand Weapons
 s - a +2 dagger of venom (weapon)
Missiles
 f - 19 poisoned darts
Armour
 a - a +0 robe (worn)
 k - a +0 pair of boots (worn)
 l - the +1 leather armour "Daug" {rN++ rCorr Str-4}
   (You found it on level 4 of the Dungeon)

   Str:       It affects your strength (-4).
   rN:        It greatly protects you from negative energy.
   rCorr:     It protects you from acid and corrosion.
 r - a +1 hat (worn)
 u - a +0 buckler
Jewellery
 e - a +4 ring of protection (right hand)
 g - a +4 ring of protection (left hand)
 h - a ring of ice
 o - a +6 ring of strength
 v - a ring of see invisible
Wands
 n - a wand of polymorph (14)
 t - a wand of paralysis (9)
Scrolls
 b - a scroll of enchant weapon {unknown}
 c - a scroll of fear {unknown}
 d - 2 scrolls of amnesia {unknown}
 i - 2 scrolls of noise {unknown}
 j - a scroll of summoning {unknown}
 m - 3 scrolls of teleportation {unknown}
 p - a scroll of blinking {unknown}
 q - a scroll of acquirement {unknown}


   Skills:
 - Level 2.0 Fighting
 - Level 2.0 Dodging
 - Level 4.0 Stealth
 - Level 10.7 Spellcasting
 - Level 7.5 Conjurations
 + Level 4.0 Hexes
 - Level 3.0 Translocations
 - Level 3.0 Invocations


You had 17 spell levels left.
You knew the following spells:

 Your Spells              Type           Power      Damage    Failure   Level
a - Magic Dart            Conj           100%       1d8       1%          1
b - Searing Ray           Conj           84%        3d6       1%          2
c - Dazzling Flash        Conj/Hex       70%        N/A       1%          3
d - Fulminant Prism       Conj/Hex       17%        3d11      5%          4
e - Teleport Other        Tloc           23%        N/A       5%          3

Your spell library contained the following spells:

 Spells                   Type           Power      Damage    Failure   Level
 Gell's Gravitas          Tloc           11%        N/A       5%          3
 Lesser Beckoning         Tloc           11%        N/A       5%          3
 Iskenderun's Mystic Bla  Conj/Tloc      33%        2d8       7%          4
 Frozen Ramparts          Ice            22%        1d4       19%         3
 Summon Ice Beast         Ice/Summ       11%        N/A       52%         4
 Ice Form                 Ice/Tmut       Unusable   N/A       N/A         4
 Blade Hands              Tmut           Unusable   N/A       N/A         5
 Statue Form              Tmut/Erth      Unusable   N/A       N/A         6

Dungeon Overview and Level Annotations

Branches:
Dungeon (8/15)             Temple (1/1) D:4
   Lair: D:8-11

Altars:
Cheibriados
Dithmenos
Gozag
Hepliaklqana
Kikubaaqudgha
Makhleb
Okawaru
Ru
Sif Muna
Uskayaw
Vehumet
Wu Jian
Yredelemnul
Zin

Shops:
D:1 !

Annotations:
D:8 Maggie


Innate Abilities, Weirdness & Mutations

You are immune to poison.
Your flesh is cold resistant. (rC+)
You are immune to negative energy. (rN+++)
You are immune to unholy pain and torment.
You are vulnerable to heat. (rF-)
You do not drink.


Message History

Okay, then.
You now have 493 gold pieces (gained 10).
You now have 506 gold pieces (gained 13).
Found a robe.
You now have 517 gold pieces (gained 11).
As you open the door, it creaks loudly!
There is an open door here.
Found 16 stones.
Found a ring mail.
Found a flail.
You now have 524 gold pieces (gained 7).
You open the gate.
There is an open gate here.
There is an open gate here.
Found a falchion.
Maggie the Vainglorious comes into view.
She is wielding a +2 halberd of flaming.
Casting: Searing Ray (safe; 1% risk of failure)
Confirm with . or Enter, or press ? or * to list all spells.
Aiming: Searing Ray (safe; 1% risk of failure)
Press: ? - help, Shift-Dir - straight line, f - Maggie
Aim: Maggie, wielding a +2 halberd of flaming and wearing +0 steam dragon scales (asleep, 100% to hit)
The searing ray hits Maggie!
Maggie is lightly wounded.
Maggie shouts! (Press . to maintain the ray.)
The searing ray hits Maggie!
Maggie is heavily wounded.
Maggie hits you from afar with a +2 halberd of flaming.
Maggie burns you.
The searing ray hits Maggie!
Maggie is heavily wounded.
Maggie gestures at you while chanting. The bolt of fire hits you!!!
The fire burns you terribly!
Ouch! That really hurt!
Casting: Searing Ray (safe; 1% risk of failure)
Confirm with . or Enter, or press ? or * to list all spells.
Maggie is dazzled.
Maggie misses you.
Maggie points at you and mumbles some strange words.
The bolt of fire hits you!! The fire burns you terribly!
You die...

#.####..##.#
#######.#
#..........#
#.#
##############
#.# ..# .. #.#
#.# #. ####.#
#.# #@###
#....# ..#
#...# #.####
###
###.######.#
#.@......#
#####.#### #.#
###


You could see Maggie (blind).

Vanquished Creatures
  Pikel (D:6)
  A centaur zombie (D:7)
  Prince Ribbit (D:6)
  Grinder (D:6)
  Eustachio (D:6)
  3 yaks (D:7)
  2 water moccasins
  An orc warrior (D:7)
  A sky beast (D:6)
  3 black bears (D:5)
  2 ice beasts (D:7)
  A necrophage (D:5)
  A centaur (D:8)
  3 lemures (D:6)
  2 phantoms (D:6)
  A bullfrog (D:8)
  Blork the orc (D:5)
  2 scorpions
  A wyvern skeleton (D:7)
  A water moccasin skeleton (D:7)
  A bullfrog zombie (D:6)
  4 hounds
  An orc priest (D:6)
  A centaur skeleton (D:7)
  2 gnoll shamans
  5 jellies
  3 bullfrog skeletons (D:5)
  4 orc wizards
  A scorpion zombie (D:5)
  2 killer bee zombies
  A hound zombie (D:5)
  A hound skeleton (D:5)
  11 gnolls
  8 adders
  2 white imps
  An ufetubus (D:7)
  2 worms
  22 orcs
  5 ball pythons
  4 endoplasms
  3 giant cockroaches (D:1)
  7 goblins
  8 hobgoblins
  7 jackals
  2 kobolds (D:3)
  2 quokkas
  4 bats
  3 frilled lizards
  2 rats
149 creatures vanquished.

Vanquished Creatures (others)
  4 fulminant prisms
4 creatures vanquished.

Grand Total: 153 creatures vanquished

Notes
Turn   | Place    | Note
-------+----------+-------------------------------------------
     0 | D:1      | BALLS the Mummy Conjurer began the quest for the Orb.
     0 | D:1      | Reached XP level 1. HP: 13/13 MP: 4/4
   103 | D:1      | Found Yfathreo's Distillery.
   143 | D:1      | Reached skill level 3 in Spellcasting
   501 | D:1      | Reached XP level 2. HP: 14/19 MP: 2/6
   975 | D:1      | Reached skill level 4 in Spellcasting
  1138 | D:1      | Learned a level 2 spell: Searing Ray
  1445 | D:2      | Reached XP level 3. HP: 24/24 MP: 1/9
  1684 | D:2      | Reached skill level 5 in Spellcasting
  1808 | D:2      | Found a faded altar of an unknown god.
  1986 | D:2      | Reached XP level 4. HP: 30/30 MP: 7/11
  2926 | D:3      | Found a basalt altar of Yredelemnul.
  3265 | D:4      | Reached skill level 1 in Fighting
  3361 | D:4      | Reached XP level 5. HP: 38/38 MP: 6/12
  3585 | D:4      | Found a staircase to the Ecumenical Temple.
  3592 | Temple   | Entered the Ecumenical Temple
  3634 | Temple   | Became a worshipper of Sif Muna the Loreminder
  3844 | D:4      | Found a snail-covered altar of Cheibriados.
  4266 | D:4      | Reached XP level 6. HP: 44/44 MP: 9/13
  4316 | D:4      | Got Xeutuum's Handbook of Ashen Changing
  4372 | D:4      | Identified the +1 leather armour "Daug" {rN++ rCorr Str-4}
  4497 | D:5      | Entered Level 5 of the Dungeon
  4837 | D:5      | Noticed Blork the orc
  4853 | D:5      | Reached skill level 6 in Spellcasting
  4853 | D:5      | Reached XP level 7. HP: 44/50 MP: 4/16
  4976 | D:5      | Reached skill level 7 in Spellcasting
  4980 | D:5      | Learned a level 3 spell: Dazzling Flash
  4985 | D:5      | Learned a level 4 spell: Fulminant Prism
  5099 | D:5      | Killed Blork the orc
  5231 | D:5      | Found an ornate altar of the Wu Jian Council.
  5467 | D:5      | Reached skill level 5 in Conjurations
  5512 | D:5      | Reached XP level 8. HP: 44/56 MP: 5/18
  5619 | D:5      | Reached * piety under Sif Muna
  6246 | D:6      | Learned a level 3 spell: Teleport Other
  6374 | D:6      | Reached skill level 1 in Translocations
  6415 | D:6      | Noticed Prince Ribbit
  6424 | D:6      | Killed Prince Ribbit
  6826 | D:6      | Noticed Grinder
  6828 | D:6      | Paralysed by Grinder for 3 turns
  6834 | D:6      | Killed Grinder
  6835 | D:6      | Reached skill level 8 in Spellcasting
  7007 | D:6      | Reached XP level 9. HP: 61/61 MP: 15/21
  7132 | D:6      | Reached skill level 9 in Spellcasting
  7308 | D:6      | Noticed Eustachio
  7326 | D:6      | Killed Eustachio
  7552 | D:6      | Noticed Pikel
  7631 | D:6      | Killed Pikel
  7632 | D:6      | Reached skill level 10 in Spellcasting
  7792 | D:7      | Found a shadowy altar of Dithmenos.
  7819 | D:7      | Reached skill level 1 in Invocations
  7898 | D:7      | Reached ** piety under Sif Muna
  8257 | D:7      | Found a sacrificial altar of Ru.
  8287 | D:7      | Reached XP level 10. HP: 67/67 MP: 18/24
  9395 | D:8      | Noticed Maggie
  9401 | D:8      | Killed from afar by Maggie

Illustrated notes

Levels and vault maps discovered:
D:1:      wheals_arrival_shading, layout_basic, serial_shops,
          nicolae_shop_crystal, grunt_decor_mini_mirrors
D:2:      layout_rooms, shapermc_ecumenical_altar_venn
D:3:      layout_loops_corners, overflow_temple_1_default
D:4:      layout_loops_ring, general_overflow_altar,
          minmay_temple_entry_nine_rooms, nrook_loot_triangle,
          patterned_corridor
D:5:      minmay_spotlight, layout_basic, marbit_many_paths,
          kennysheep_generic_room_11, uniq_blork_the_orc
D:6:      layout_gridville, uniq_grinder, uniq_pikel, uniq_eustachio,
          uniq_prince_ribbit1
D:7:      layout_loops_ring, nicolae_dithmenos_the_darkroom,
          nicolae_ru_the_path_less_chosen, serial_glass, glass_columns_b,
          glass_columns_c, glass_columns_c, glass_columns_a, glass_columns_b,
          glass_columns_c
D:8:      layout_basic, tgw_xom, serial_shops, shop_fountains, kennysheep_donut,
          uniq_maggie
Temple:   jpeg_temple_island

Skill      XL: |  1  2  3  4  5  6  7  8  9 10 |
---------------+-------------------------------+-----
Spellcasting   | 3 4 5 6 7 8 10 | 10.7
Conjurations   | 4 5 6 7 |  7.5
Fighting       | 2 |  2.0
Dodging        | 2 |  2.0
Stealth        | 3 4 |  4.0
Hexes          | 2 3 4 |  4.0
Translocations | 3 |  3.0
Invocations    | 3 |  3.0

Action                   |  1- 3 |  4- 6 |  7- 9 | 10-12 || total
-------------------------+-------+-------+-------+-------++-------
Melee: Unarmed           |    15 |       |       |       ||    15
       Dagger            |     3 |     3 |     6 |     4 ||    16
 Cast: Magic Dart        |    79 |    69 |    44 |       ||   192
       Searing Ray       |       |    17 |    54 |     9 ||    80
       Fulminant Prism   |       |       |     4 |       ||     4
       Dazzling Flash    |       |       |       |     1 ||     1
Armor: Robe              |    10 |     7 |    39 |     6 ||    62
Dodge: Dodged            |    31 |    18 |    41 |     9 ||    99
